[Event "2nd Gujarat Open 2019"]
[Site "Ahmedabad, Gujarat"]
[Date "2019.09.25"]
[Round "6.20"]
[White "Anadkat Kartavya"]
[Black "Gandhi, Anish"]
[Result "1/2-1/2"]
[ECO "B94"]
[WhiteElo "2088"]
[BlackElo "2201"]
[Annotator "NA"]
[PlyCount "117"]
[EventDate "2019.09.22"]
[EventType "swiss"]
[EventCountry "IND"]
[SourceTitle "playchess.com"]
[Source "ChessBase"]
[SourceQuality "1"]
[TimeControl "5400+30"]

1. e4 c5 2. Nf3 d6 3. d4 cxd4 4. Nxd4 Nf6 5. Nc3 a6 6. Bg5 Nbd7 7. Qe2 g6 8. f4 e5 9. fxe5 dxe5 10. O-O-O Qc7 11. Nf3 Bg7 12. Nd5 Nxd5 13. exd5 Qd6 14. Nd2 f5 15. Nc4 Qc5 16. g4 O-O 17. gxf5 gxf5 18. Bh3 b5 19. Na5 e4 20. Nc6 Nf6 21. Be3 Qd6 22. Rhg1 Rf7 23. Qd2 Bd7 24. Bf4 Qxd5 25. Qxd5 Nxd5 26. Rxd5 Bxc6 27. Rd6 Bd7 28. Rd5 Bc6 29. Rd6 Rc8 30. Be5 e3 31. Bxf5 Rxf5 32. Bxg7 Kf7 33. Bh6 Ke7 34. Rd4 e2 35. Kd2 Bf3 36. c3 Bh5 37. Re1 Bf3 38. Rg1 Bh5 39. Re1 Rf1 40. Bg5+ Ke6 41. Bh4 Rc4 42. Rxc4 bxc4 43. b3 Kd5 44. Bg3 Bg4 45. Bh4 Kc5 46. Be7+ Kd5 47. Bh4 Rf3 48. Kxe2 cxb3 49. axb3 Rxc3+ 50. Kd2 Rxb3 51. Bg3 Ra3 52. Kc2 h5 53. Kb2 Ra4 54. Kb3 Rd4 55. Ra1 Be2 56. Rc1 Ke4 57. Rc5 Kd3 58. Rc6 a5 59. Rd6 1/2-1/2

[Event "2nd Gujarat Open 2019"]
[Site "Ahmedabad, Gujarat"]
[Date "2019.09.25"]
[Round "6.21"]
[White "Pandey Srishti"]
[Black "Patil, Pratik"]
[Result "1/2-1/2"]
[ECO "D93"]
[WhiteElo "1928"]
[BlackElo "2187"]
[Annotator "NA"]
[PlyCount "43"]
[EventDate "2019.09.22"]
[EventType "swiss"]
[EventCountry "IND"]
[SourceTitle "playchess.com"]
[Source "ChessBase"]
[SourceQuality "1"]
[TimeControl "5400+30"]

1. d4 Nf6 2. c4 g6 3. Nc3 d5 4. Nf3 Bg7 5. Bf4 O-O 6. e3 c5 7. dxc5 Qa5 8. Rc1 dxc4 9. Bxc4 Nc6 10. O-O Qxc5 11. Bb3 Qa5 12. h3 Bf5 13. Qe2 Ne4 14. Nd5 e5 15. Rxc6 exf4 16. Rcc1 fxe3 17. Nxe3 Rfe8 18. Rcd1 Nc5 19. Bd5 Be6 20. Ng5 Bxd5 21. Rxd5 Qb6 22. Qc4 1/2-1/2

[Event "2nd Gujarat Open 2019"]
[Site "Ahmedabad, Gujarat"]
[Date "2019.09.25"]
[Round "6.22"]
[White "Siddharth, Jagadeesh"]
[Black "Kumar, Gaurav"]
[Result "1-0"]
[ECO "E06"]
[WhiteElo "2362"]
[BlackElo "2096"]
[Annotator "NA"]
[PlyCount "67"]
[EventDate "2019.09.22"]
[EventType "swiss"]
[EventCountry "IND"]
[SourceTitle "playchess.com"]
[Source "ChessBase"]
[SourceQuality "1"]
[TimeControl "5400+30"]

1. Nf3 d5 2. d4 Nf6 3. c4 e6 4. g3 Be7 5. Bg2 O-O 6. Nc3 dxc4 7. Ne5 c5 8. dxc5 Qxd1+ 9. Nxd1 Bxc5 10. Nc3 Nc6 11. Nxc4 Nd4 12. O-O Bb4 13. e3 Bxc3 14. bxc3 Ne2+ 15. Kh1 Nxc1 16. Rfxc1 Rb8 17. Na5 b5 18. Nc6 Rb6 19. Nxa7 Bb7 20. Rab1 Ra8 21. Nxb5 Rxa2 22. c4 Ng4 23. Bxb7 Nxf2+ 24. Kg1 Nh3+ 25. Kf1 Rxb7 26. c5 Rf2+ 27. Ke1 Rxh2 28. c6 Ng5 29. Rc4 Rc7 30. Nxc7 Rh1+ 31. Ke2 Rxb1 32. Na6 Rb2+ 33. Kd1 Nh3 34. Kc1 1-0

[Event "2nd Gujarat Open 2019"]
[Site "Ahmedabad, Gujarat"]
[Date "2019.09.25"]
[Round "6.23"]
[White "Satkar, Chirag"]
[Black "Nitin, S.."]
[Result "0-1"]
[ECO "A43"]
[WhiteElo "2052"]
[BlackElo "2361"]
[Annotator "NA"]
[PlyCount "76"]
[EventDate "2019.09.22"]
[EventType "swiss"]
[EventCountry "IND"]
[SourceTitle "playchess.com"]
[Source "ChessBase"]
[SourceQuality "1"]
[TimeControl "5400+30"]

1. d4 c5 2. d5 d6 3. c4 g6 4. Nc3 Bg7 5. e4 a6 6. Nf3 e6 7. h3 Ne7 8. Bd3 O-O 9. dxe6 fxe6 10. O-O Nbc6 11. Bg5 h6 12. Be3 Nd4 13. Nh2 e5 14. Qd2 Kh7 15. f4 exf4 16. Bxf4 Nec6 17. Kh1 Be6 18. Nd5 Ne5 19. Rad1 b5 20. b3 Rb8 21. Rf2 Qd7 22. Rdf1 bxc4 23. Bxc4 Nxc4 24. bxc4 Bxd5 25. exd5 Nf5 26. Nf3 Rb4 27. Qd3 Qa4 28. Rc1 Bb2 29. Rcc2 Qxa2 30. g4 Rb3 31. Qd2 Qb1+ 32. Ng1 Ng3+ 33. Kg2 Ne4 34. Qe2 Nxf2 35. Qe7+ Bg7 36. Rxf2 Rb7 37. Qxd6 Qe4+ 38. Kg3 g5 0-1

[Event "2nd Gujarat Open 2019"]
[Site "Ahmedabad, Gujarat"]
[Date "2019.09.25"]
[Round "6.24"]
[White "Kavinda, Akila"]
[Black "Srihari L R"]
[Result "0-1"]
[ECO "A04"]
[WhiteElo "2029"]
[BlackElo "2283"]
[Annotator "NA"]
[PlyCount "72"]
[EventDate "2019.09.22"]
[EventType "swiss"]
[EventCountry "IND"]
[SourceTitle "playchess.com"]
[Source "ChessBase"]
[SourceQuality "1"]
[TimeControl "5400+30"]

1. Nf3 d6 2. d4 Nd7 3. g3 Ngf6 4. Bg2 e5 5. O-O c6 6. b3 e4 7. Ng5 d5 8. c4 Be7 9. Nc3 O-O 10. Nh3 Re8 11. cxd5 cxd5 12. f3 Bb4 13. Bb2 exf3 14. exf3 Nf8 15. a3 Bxc3 16. Bxc3 Bxh3 17. Bxh3 Qb6 18. Rb1 h5 19. Qd3 h4 20. Kg2 Ng6 21. Bd2 Nh5 22. Bg4 Nf6 23. Bf5 Ne7 24. Bh3 Nc6 25. Be3 hxg3 26. hxg3 Re7 27. Bf2 Rae8 28. Rb2 Na5 29. Rfb1 Qd6 30. a4 g6 31. Qd2 Qb6 32. Qh6 Re2 33. Be6 R8xe6 34. Rh1 Nh5 35. Rxe2 Rxe2 36. Rxh5 gxh5 0-1

[Event "2nd Gujarat Open 2019"]
[Site "Ahmedabad, Gujarat"]
[Date "2019.09.25"]
[Round "6.25"]
[White "Abu Sufian, Shakil"]
[Black "Katdare, Jayant C"]
[Result "1-0"]
[ECO "B57"]
[WhiteElo "2255"]
[BlackElo "2046"]
[Annotator "NA"]
[PlyCount "138"]
[EventDate "2019.09.22"]
[EventType "swiss"]
[EventCountry "IND"]
[SourceTitle "playchess.com"]
[Source "ChessBase"]
[SourceQuality "1"]
[TimeControl "5400+30"]

1. e4 c5 2. Nf3 d6 3. d4 cxd4 4. Nxd4 Nf6 5. Nc3 Nc6 6. Bc4 Qb6 7. Nb3 e6 8. Be3 Qc7 9. Bd3 a6 10. a4 b6 11. f4 Be7 12. O-O Bb7 13. Kh1 O-O 14. Qe2 Rfe8 15. Nd4 Nxd4 16. Bxd4 e5 17. fxe5 dxe5 18. Be3 Rec8 19. Bg5 a5 20. Rad1 h6 21. Bxf6 Bxf6 22. Nb5 Qc6 23. b3 Rd8 24. Rde1 Bc8 25. Bc4 Be6 26. Bxe6 fxe6 27. Na3 Rd4 28. Nc4 Rc8 29. Qh5 Rxc4 30. bxc4 Rf8 31. Qe2 Qxa4 32. Rb1 Qc6 33. Rb5 a4 34. c5 bxc5 35. Qc4 Ra8 36. Rxc5 Qa6 37. Qxa6 Rxa6 38. Ra1 Be7 39. Rb5 a3 40. Ra2 Rd6 41. Kg1 Rd2 42. Kf1 Kf7 43. Rb3 Bc5 44. Rf3+ Ke7 45. h4 Rd4 46. Rc3 Bd6 47. Re3 Bc5 48. Ke1 Ra4 49. Re2 Bd4 50. Kd2 Kd6 51. c3 Bc5 52. Kc2 Kc6 53. Kb3 Ra7 54. Rad2 Rb7+ 55. Kc4 Ra7 56. h5 Ra4+ 57. Kb3 Ra7 58. Rd8 Be7 59. Rc8+ Kb6 60. Rd2 Rb7 61. Rg8 Bc5 62. Rgd8 Kc6+ 63. Ka2 Be7 64. Rg8 Bd6 65. Rc8+ Kd7 66. Rg8 Kc6 67. Rc8+ Kd7 68. Ra8 Kc7 69. Ra6 Bb4 1-0

[Event "2nd Gujarat Open 2019"]
[Site "Ahmedabad, Gujarat"]
[Date "2019.09.25"]
[Round "6.26"]
[White "Nikhil Magizhnan"]
[Black "Gaikwad, Siddhant"]
[Result "1-0"]
[ECO "B50"]
[WhiteElo "2251"]
[BlackElo "2034"]
[Annotator "NA"]
[PlyCount "93"]
[EventDate "2019.09.22"]
[EventType "swiss"]
[EventCountry "IND"]
[SourceTitle "playchess.com"]
[Source "ChessBase"]
[SourceQuality "1"]
[TimeControl "5400+30"]

1. e4 c5 2. Nf3 d6 3. c3 Nf6 4. Bd3 Bg4 5. Bc2 Nc6 6. d3 g6 7. h3 Bxf3 8. Qxf3 Bg7 9. O-O O-O 10. Qe2 b5 11. Be3 a5 12. d4 cxd4 13. cxd4 Nb4 14. Bd3 Nxd3 15. Qxd3 Qb8 16. Nd2 Rc8 17. f4 Qc7 18. Qxb5 Rab8 19. Qe2 Rb6 20. b3 Rxb3 21. Qf2 Rb2 22. Qf3 Qb7 23. Rab1 Rcc2 24. Rxb2 Rxb2 25. Rc1 Rxa2 26. f5 h5 27. e5 Nd5 28. f6 exf6 29. exd6 Rb2 30. Nc4 Rb5 31. Bf2 f5 32. Re1 a4 33. Qa3 Rb3 34. Na5 Qa8 35. Qxa4 Rb8 36. d7 Nf4 37. Qc6 Ne6 38. Qxa8 Rxa8 39. d5 Nd8 40. Nc6 Bf6 41. Bb6 Kg7 42. Re8 Ra1+ 43. Kh2 Rd1 44. Bxd8 Bxd8 45. Rxd8 Rxd5 46. Rg8+ Kxg8 47. Ne7+ 1-0

[Event "2nd Gujarat Open 2019"]
[Site "Ahmedabad, Gujarat"]
[Date "2019.09.25"]
[Round "6.27"]
[White "Nayak Rajesh"]
[Black "Sri Sai Baswanth P"]
[Result "0-1"]
[ECO "A04"]
[WhiteElo "2227"]
[BlackElo "2013"]
[Annotator "NA"]
[PlyCount "139"]
[EventDate "2019.09.22"]
[EventType "swiss"]
[EventCountry "IND"]
[SourceTitle "playchess.com"]
[Source "ChessBase"]
[SourceQuality "1"]
[TimeControl "5400+30"]

1. Nf3 g6 2. e4 Bg7 3. d4 d6 4. Bc4 Nf6 5. Qe2 O-O 6. h3 d5 7. exd5 Nxd5 8. O-O c6 9. a4 Nd7 10. Bb3 N7f6 11. Na3 Qc7 12. Re1 e6 13. Ne5 c5 14. c4 Nb4 15. Nb5 Qe7 16. dxc5 Qxc5 17. Nd3 Nxd3 18. Qxd3 Nd7 19. Bf4 e5 20. Be3 Qc6 21. Bc2 a6 22. Nd6 Nc5 23. Qa3 Ne6 24. Be4 Qc7 25. Bd5 Rd8 26. c5 Bf8 27. Rad1 Rb8 28. a5 Bxd6 29. Bxe6 Be7 30. Bd5 Bd7 31. Qb3 Be8 32. Qb6 Qc8 33. Qb4 Bc6 34. Ba2 Qf5 35. Qc4 Rxd1 36. Rxd1 Rd8 37. Rxd8+ Bxd8 38. b4 Qd7 39. Qc2 Bf6 40. Bc4 Kg7 41. Qe2 Qf5 42. Bd3 Qe6 43. b5 axb5 44. Bxb5 Bd8 45. Bc4 Qf5 46. a6 bxa6 47. Bxa6 Qe4 48. Qf1 f5 49. Bd3 Qb4 50. Qa1 Kf6 51. Qa6 Qb7 52. Qa2 f4 53. Qg8 Qe7 54. Bd2 Bc7 55. Bc4 Be8 56. Bb4 Bc6 57. Qc8 h5 58. Bc3 Kg5 59. Qh8 Kh4 60. Qh6 Be4 61. g3+ Kxh3 62. gxf4 exf4 63. Qh8 Qxc5 64. Bf1+ Kg4 65. Qf6 Qg5 66. f3+ Bxf3 67. Bh3+ Kh4+ 68. Kh2 Qxf6 69. Bxf6+ g5 70. Bc3 0-1

[Event "2nd Gujarat Open 2019"]
[Site "Ahmedabad, Gujarat"]
[Date "2019.09.25"]
[Round "6.28"]
[White "Ziatdinov, Raset"]
[Black "Kadam Om Manish"]
[Result "1-0"]
[ECO "B95"]
[WhiteElo "2222"]
[BlackElo "1930"]
[Annotator "NA"]
[PlyCount "123"]
[EventDate "2019.09.22"]
[EventType "swiss"]
[EventCountry "IND"]
[SourceTitle "playchess.com"]
[Source "ChessBase"]
[SourceQuality "1"]
[TimeControl "5400+30"]

1. e4 c5 2. Nf3 d6 3. d4 cxd4 4. Nxd4 Nf6 5. Nc3 a6 6. Bg5 e6 7. h4 Be7 8. g4 Nbd7 9. Be3 Ne5 10. g5 Nfg4 11. Bc1 Qb6 12. Be2 Nc6 13. Bxg4 Qxd4 14. Qe2 Ne5 15. Be3 Qb4 16. O-O O-O 17. Rab1 d5 18. a3 Qc4 19. Qxc4 dxc4 20. Be2 b5 21. f4 Nd7 22. Rbd1 Bc5 23. Kf2 Rb8 24. Bxc5 Nxc5 25. Rd6 Bb7 26. Ke3 Ba8 27. Rd4 Rfe8 28. e5 a5 29. h5 Kf8 30. Rg1 Ke7 31. h6 g6 32. Rb1 Rec8 33. Rf1 Re8 34. Rb1 Rec8 35. Nd1 Bd5 36. Nf2 Na4 37. Bf3 Bxf3 38. Kxf3 b4 39. axb4 Rxb4 40. Ra1 c3 41. Rxb4 axb4 42. b3 Nc5 43. Ne4 Nxe4 44. Kxe4 Rd8 45. Ra4 Rd2 46. Rxb4 Rxc2 47. Kd3 Rc1 48. Rc4 c2 49. b4 Kd7 50. Kd2 Rf1 51. Kxc2 Rf2+ 52. Kb3 Rf3+ 53. Ka4 Rf1 54. b5 Ra1+ 55. Kb4 Rb1+ 56. Ka5 Ra1+ 57. Kb6 Ra8 58. Kb7 Ra2 59. b6 Rb2 60. Ka7 Ra2+ 61. Kb8 Rb2 62. b7 1-0

[Event "2nd Gujarat Open 2019"]
[Site "Ahmedabad, Gujarat"]
[Date "2019.09.25"]
[Round "6.29"]
[White "Kshatriya Nitin Vekhande"]
[Black "Deshmukh, Anup"]
[Result "1/2-1/2"]
[ECO "B00"]
[WhiteElo "1926"]
[BlackElo "2193"]
[Annotator "NA"]
[PlyCount "46"]
[EventDate "2019.09.22"]
[EventType "swiss"]
[EventCountry "IND"]
[SourceTitle "playchess.com"]
[Source "ChessBase"]
[SourceQuality "1"]
[TimeControl "5400+30"]

1. e4 Nc6 2. d4 e5 3. d5 Nce7 4. c4 Ng6 5. Bd3 Nf6 6. Ne2 Bc5 7. h3 a5 8. Nbc3 O-O 9. Na4 Ba7 10. O-O c6 11. Nac3 d6 12. Ng3 Bd7 13. Nce2 cxd5 14. cxd5 b5 15. Kh1 Rc8 16. f4 Ng4 17. Qe1 exf4 18. Nxf4 Qh4 19. Be2 Rc2 20. Bxg4 Bxg4 21. Nf5 Qxe1 22. Rxe1 Bxf5 23. exf5 Ne5 1/2-1/2

[Event "2nd Gujarat Open 2019"]
[Site "Ahmedabad, Gujarat"]
[Date "2019.09.25"]
[Round "6.30"]
[White "Lakshmi Narayanan M V"]
[Black "Chaitanya Sairam Mogili"]
[Result "1/2-1/2"]
[ECO "A56"]
[WhiteElo "2188"]
[BlackElo "1908"]
[Annotator "NA"]
[PlyCount "50"]
[EventDate "2019.09.22"]
[EventType "swiss"]
[EventCountry "IND"]
[SourceTitle "playchess.com"]
[Source "ChessBase"]
[SourceQuality "1"]
[TimeControl "5400+30"]

1. d4 Nf6 2. c4 c5 3. e3 g6 4. Nc3 Bg7 5. Nf3 O-O 6. Be2 cxd4 7. exd4 d5 8. O-O Nc6 9. h3 dxc4 10. Bxc4 b6 11. Re1 Bb7 12. a3 Rc8 13. Ba2 Re8 14. Bxf7+ Kxf7 15. Ng5+ Kg8 16. Qb3+ Nd5 17. Nxd5 e6 18. Rxe6 Rxe6 19. Nxe6 Na5 20. Nxd8 Nxb3 21. Nxb7 Re8 22. Rb1 Re1+ 23. Kh2 Bxd4 24. Nc3 Rxc1 25. Rxc1 Nxc1 1/2-1/2

[Event "2nd Gujarat Open 2019"]
[Site "Ahmedabad, Gujarat"]
[Date "2019.09.25"]
[Round "6.31"]
[White "Mehdi Hasan Parag"]
[Black "Saypuri Srithan"]
[Result "1/2-1/2"]
[ECO "C42"]
[WhiteElo "2183"]
[BlackElo "1865"]
[Annotator "NA"]
[PlyCount "60"]
[EventDate "2019.09.22"]
[EventType "swiss"]
[EventCountry "IND"]
[SourceTitle "playchess.com"]
[Source "ChessBase"]
[SourceQuality "1"]
[TimeControl "5400+30"]

1. e4 e5 2. Nf3 Nf6 3. Nxe5 d6 4. Nf3 Nxe4 5. Nc3 Nxc3 6. dxc3 Be7 7. Be3 Nc6 8. Qd2 Be6 9. O-O-O Qd7 10. a3 a6 11. Nd4 Nxd4 12. Bxd4 O-O 13. f4 Rac8 14. h3 c5 15. Bf2 d5 16. g4 d4 17. Bg2 Bd5 18. Bxd5 Qxd5 19. Kb1 Rfd8 20. Rhe1 Bf8 21. cxd4 cxd4 22. Qxd4 Qf3 23. Qxd8 Rxd8 24. Rxd8 Qxf2 25. Ree8 Qf1+ 26. Ka2 Qc4+ 27. Kb1 Qf1+ 28. Ka2 Qc4+ 29. Ka1 Qf1+ 30. Ka2 Qc4+ 1/2-1/2

[Event "2nd Gujarat Open 2019"]
[Site "Ahmedabad, Gujarat"]
[Date "2019.09.25"]
[Round "6.32"]
[White "Adarsh Tripathi"]
[Black "Sobh, Amrou"]
[Result "1/2-1/2"]
[ECO "A46"]
[WhiteElo "1915"]
[BlackElo "2172"]
[Annotator "NA"]
[PlyCount "97"]
[EventDate "2019.09.22"]
[EventType "swiss"]
[EventCountry "IND"]
[SourceTitle "playchess.com"]
[Source "ChessBase"]
[SourceQuality "1"]
[TimeControl "5400+30"]

1. d4 Nf6 2. Nf3 e6 3. e3 c5 4. b3 b6 5. Bb2 Bb7 6. Bd3 cxd4 7. exd4 Be7 8. O-O O-O 9. Nbd2 d6 10. Re1 Nbd7 11. c4 Re8 12. Rc1 Nf8 13. Ne4 Nxe4 14. Bxe4 Bxe4 15. Rxe4 d5 16. Re1 dxc4 17. bxc4 Ng6 18. d5 Bf6 19. Bxf6 Qxf6 20. dxe6 Rxe6 21. c5 Rd8 22. Qa4 bxc5 23. Rxe6 Qxe6 24. Qxa7 Qd5 25. h3 Rc8 26. Qa6 Qd7 27. Qc4 h6 28. Re1 Qc7 29. Rc1 Qf4 30. a4 Qxc4 31. Rxc4 Kf8 32. Nd2 Ne5 33. Rc3 Ke7 34. Re3 Kd6 35. Ne4+ Kd7 36. f4 Ng6 37. Rc3 Nxf4 38. Nxc5+ Ke7 39. Re3+ Kd6 40. Ne4+ Kd5 41. Nf2 Rc1+ 42. Kh2 Ra1 43. Rf3 Rxa4 44. g3 Ne6 45. Rxf7 Ra2 46. h4 Rc2 47. Kh3 Rc7 48. Rxc7 Nxc7 49. Kg4 1/2-1/2

[Event "2nd Gujarat Open 2019"]
[Site "Ahmedabad, Gujarat"]
[Date "2019.09.25"]
[Round "6.33"]
[White "Sparsh Khandelwal"]
[Black "Harshita Guddanti"]
[Result "1/2-1/2"]
[ECO "C24"]
[WhiteElo "1868"]
[BlackElo "2168"]
[Annotator "NA"]
[PlyCount "109"]
[EventDate "2019.09.22"]
[EventType "swiss"]
[EventCountry "IND"]
[SourceTitle "playchess.com"]
[Source "ChessBase"]
[SourceQuality "1"]
[TimeControl "5400+30"]

1. e4 e5 2. Bc4 Nf6 3. d3 Bc5 4. Nc3 Nc6 5. h3 a6 6. Nge2 h6 7. O-O d6 8. Be3 Bxe3 9. fxe3 Na5 10. Nd5 Nxc4 11. Nxf6+ gxf6 12. dxc4 Be6 13. b3 Qd7 14. Ng3 O-O-O 15. Kh2 Rdg8 16. Nh5 Rg6 17. Qf3 Qd8 18. Rf2 Qf8 19. a4 Rg5 20. Rg1 f5 21. exf5 Rxf5 22. Qe2 Rxf2 23. Qxf2 f5 24. Rf1 Qf7 25. Qh4 Qg6 26. Qf6 Qxf6 27. Nxf6 c6 28. Nh5 Rh7 29. Rd1 Kc7 30. Nf6 Rh8 31. Rf1 Rf8 32. Nh5 Rf7 33. Ng3 b6 34. Rf2 d5 35. cxd5 cxd5 36. Kg1 Kd6 37. Kf1 f4 38. exf4 Rxf4 39. Rxf4 exf4 40. Ne2 Ke5 41. Kf2 d4 42. Nc1 Ke4 43. Ke2 Bf7 44. Kd2 f3 45. gxf3+ Kxf3 46. Ne2 h5 47. Nxd4+ Kg3 48. Ke3 Kxh3 49. c4 Kg2 50. Nf5 Be6 51. Ng7 Bg4 52. Nxh5 Bxh5 53. b4 Be8 54. b5 axb5 55. axb5 1/2-1/2

[Event "2nd Gujarat Open 2019"]
[Site "Ahmedabad, Gujarat"]
[Date "2019.09.25"]
[Round "6.34"]
[White "Aradhya, Garg"]
[Black "Aditya P Melani"]
[Result "1/2-1/2"]
[ECO "E10"]
[WhiteElo "2157"]
[BlackElo "1847"]
[Annotator "NA"]
[PlyCount "97"]
[EventDate "2019.09.22"]
[EventType "swiss"]
[EventCountry "IND"]
[SourceTitle "playchess.com"]
[Source "ChessBase"]
[SourceQuality "1"]
[TimeControl "5400+30"]

1. d4 Nf6 2. c4 e6 3. Nf3 c5 4. d5 exd5 5. cxd5 d6 6. e4 g6 7. h3 Bg7 8. Bd3 O-O 9. O-O Na6 10. Re1 Nc7 11. Nc3 a6 12. a4 Rb8 13. Rb1 b5 14. axb5 axb5 15. b4 c4 16. Bc2 Ng4 17. Bg5 f6 18. Bh4 Ne5 19. Nd4 g5 20. Bg3 Bd7 21. Qd2 Ra8 22. Ra1 Qb8 23. h4 Qb6 24. Nce2 Bh6 25. hxg5 fxg5 26. Nf5 Bxf5 27. exf5 Nf7 28. f6 Qb7 29. Rxa8 Qxa8 30. Nd4 Re8 31. Nf5 Bf8 32. Be4 Rxe4 33. Rxe4 Qa1+ 34. Re1 Qxf6 35. Nd4 Bg7 36. Nc6 Qb2 37. Qd1 Bf6 38. Qf3 Bg7 39. Qd1 Bf6 40. Qf3 Kg7 41. Kh2 c3 42. Nd4 c2 43. Nb3 h5 44. Kg1 h4 45. Bh2 Bc3 46. Bg3 Bf6 47. Bxh4 gxh4 48. Qg4+ Bg5 49. Re7 {Bf6 Re1+ Bg5 f4} 1/2-1/2

[Event "2nd Gujarat Open 2019"]
[Site "Ahmedabad, Gujarat"]
[Date "2019.09.25"]
[Round "6.35"]
[White "Samal Ansuman"]
[Black "Pranav, Shetty"]
[Result "0-1"]
[ECO "B23"]
[WhiteElo "1847"]
[BlackElo "2124"]
[Annotator "NA"]
[PlyCount "64"]
[EventDate "2019.09.22"]
[EventType "swiss"]
[EventCountry "IND"]
[SourceTitle "playchess.com"]
[Source "ChessBase"]
[SourceQuality "1"]
[TimeControl "5400+30"]

1. e4 c5 2. Nc3 a6 3. a4 Nc6 4. g3 g6 5. Bg2 Bg7 6. d3 d6 7. f4 e6 8. Nf3 Nge7 9. Be3 Nd4 10. O-O O-O 11. Rb1 Qa5 12. Bd2 Qc7 13. Ne2 Nxe2+ 14. Qxe2 Bd7 15. b3 b5 16. a5 b4 17. g4 Rae8 18. Qf2 f5 19. gxf5 exf5 20. e5 dxe5 21. Nxe5 Be6 22. Rbe1 Bd5 23. Re2 Bxg2 24. Qxg2 Rd8 25. Nf3 Nc6 26. Rfe1 Bf6 27. Re6 Rd6 28. R6e2 Rdd8 29. Re6 Rd6 30. Qe2 Nd4 31. Nxd4 Bxd4+ 32. Kf1 Qc6 0-1

[Event "2nd Gujarat Open 2019"]
[Site "Ahmedabad, Gujarat"]
[Date "2019.09.25"]
[Round "6.36"]
[White "Barath Kalyan M"]
[Black "Rohnit G Amin"]
[Result "1-0"]
[ECO "A40"]
[WhiteElo "2092"]
[BlackElo "1772"]
[Annotator "NA"]
[PlyCount "47"]
[EventDate "2019.09.22"]
[EventType "swiss"]
[EventCountry "IND"]
[SourceTitle "playchess.com"]
[Source "ChessBase"]
[SourceQuality "1"]
[TimeControl "5400+30"]

1. d4 c6 2. Nf3 g6 3. c4 Bg7 4. Nc3 d6 5. e4 Bg4 6. Be2 Nd7 7. Be3 a6 8. Qb3 Qb6 9. O-O-O Qxb3 10. axb3 e6 11. h3 Bxf3 12. Bxf3 Ne7 13. g4 O-O 14. Bg2 b5 15. Kc2 Rfc8 16. f4 d5 17. Ra1 bxc4 18. bxc4 Nb6 19. c5 Nc4 20. Bf2 Rcb8 21. b3 Rxb3 22. Kxb3 Rb8+ 23. Ka4 Rb2 24. Ra2 1-0

[Event "2nd Gujarat Open 2019"]
[Site "Ahmedabad, Gujarat"]
[Date "2019.09.26"]
[Round "7.1"]
[White "Saptarshi, Roy"]
[Black "Rozum, Ivan"]
[Result "0-1"]
[ECO "B17"]
[WhiteElo "2480"]
[BlackElo "2596"]
[Annotator "ChessBase"]
[PlyCount "114"]
[EventDate "2019.09.22"]
[EventType "swiss"]
[EventCountry "IND"]
[SourceTitle "playchess.com"]
[Source "ChessBase"]
[SourceQuality "1"]
[TimeControl "5400+30"]

1. e4 c6 2. d4 d5 3. Nc3 dxe4 4. Nxe4 Nd7 5. Ng3 Ngf6 6. Be2 e6 7. Bd3 Be7 8. Nf3 c5 9. O-O O-O 10. b3 b6 11. Bb2 Bb7 12. c4 Re8 13. Qe2 Qc7 14. Rad1 Rac8 15. Bb1 Rcd8 16. dxc5 Nxc5 17. Ne5 Ncd7 18. Rd3 Nxe5 19. Bxe5 Qc6 20. Rf3 Qc5 21. Re3 Qc6 22. Ne4 Nd7 23. Bxg7 Kxg7 24. Rg3+ Kf8 25. Qh5 Bf6 26. Rf3 Qxe4 27. Bxe4 Bxe4 28. Re3 Bg6 29. Qe2 Bd4 30. Rg3 Nc5 31. Kh1 Ne4 32. Rf3 Bc5 33. Rf4 Rd4 34. Qe1 e5 35. Rh4 Red8 36. b4 Be7 37. f3 Nf2+ 38. Qxf2 Bxh4 39. g3 Bf6 40. h4 Rxc4 41. Qe3 Rc2 42. Rc1 Rd3 43. Qe1 Rxf3 44. Rxc2 Bxc2 45. Qc1 Rc3 46. Kh2 e4 47. Qf4 Rc6 48. h5 Re6 49. h6 Be5 50. Qc1 Bd3 51. Kg2 Ke7 52. Qg5+ Bf6 53. Qc1 e3 54. Qc7+ Ke8 55. Qc8+ Bd8 56. Qc3 e2 57. Qe1 Bg5 0-1

[Event "2nd Gujarat Open 2019"]
[Site "Ahmedabad, Gujarat"]
[Date "2019.09.26"]
[Round "7.2"]
[White "Karthikeyan, P.."]
[Black "Chanda, Sandipan"]
[Result "1/2-1/2"]
[ECO "A80"]
[WhiteElo "2408"]
[BlackElo "2529"]
[Annotator "ChessBase"]
[PlyCount "95"]
[EventDate "2019.09.22"]
[EventType "swiss"]
[EventCountry "IND"]
[SourceTitle "playchess.com"]
[Source "ChessBase"]
[SourceQuality "1"]
[TimeControl "5400+30"]

1. d4 f5 2. Bg5 g6 3. Nd2 Bg7 4. e4 fxe4 5. Nxe4 d5 6. Nc5 b6 7. Nd3 Nh6 8. Ne5 O-O 9. Qd2 Nf7 10. Nxf7 Rxf7 11. h4 Nc6 12. c3 Qd6 13. h5 e5 14. hxg6 hxg6 15. dxe5 Qxe5+ 16. Be3 d4 17. cxd4 Nxd4 18. Qxd4 Qxd4 19. Bxd4 Bxd4 20. Bc4 Bxb2 21. Rb1 Bf6 22. Ne2 Kg7 23. Bxf7 Kxf7 24. Rh7+ Bg7 25. Rd1 Kg8 26. Rh4 Be6 27. Re4 Bxa2 28. Rd7 a5 29. Kd2 a4 30. Nc3 Bb3 31. Nb5 c6 32. Nc7 Rf8 33. Ne6 Bxe6 34. Rxe6 Rxf2+ 35. Ke3 Rf6 36. Rxf6 Bxf6 37. Rd6 Kg7 38. Rxc6 a3 39. Rc7+ Kh6 40. Ra7 Bb2 41. Kd3 Kg5 42. Kc2 Kf4 43. Ra6 g5 44. Rxb6 Kg3 45. Kb3 Kxg2 46. Rg6 Bc1 47. Rxg5+ Bxg5 48. Kxa3 1/2-1/2

[Event "2nd Gujarat Open 2019"]
[Site "Ahmedabad, Gujarat"]
[Date "2019.09.26"]
[Round "7.3"]
[White "Vasquez Schroeder, Rodrigo"]
[Black "Hesham, Abdelrahman"]
[Result "1-0"]
[ECO "C65"]
[WhiteElo "2476"]
[BlackElo "2396"]
[Annotator "ChessBase"]
[PlyCount "139"]
[EventDate "2019.09.22"]
[EventType "swiss"]
[EventCountry "IND"]
[SourceTitle "playchess.com"]
[Source "ChessBase"]
[SourceQuality "1"]
[TimeControl "5400+30"]

1. e4 e5 2. Nf3 Nc6 3. Bb5 Nf6 4. d3 d6 5. O-O Be7 6. c3 O-O 7. Re1 a6 8. Ba4 Re8 9. Nbd2 Bf8 10. Nf1 h6 11. Ng3 b5 12. Bb3 Na5 13. Bc2 c5 14. d4 exd4 15. cxd4 Bg4 16. d5 Bxf3 17. gxf3 Nc4 18. f4 Nd7 19. b3 Ncb6 20. Kh1 g6 21. Rg1 Bg7 22. Rb1 Qh4 23. Rg2 Kh8 24. Bd2 a5 25. Bd3 c4 26. bxc4 bxc4 27. Bc2 c3 28. Be3 Nc4 29. Bd4 Rg8 30. Rb7 Nb2 31. Bxg7+ Rxg7 32. Qd4 Qf6 33. Qxf6 Nxf6 34. Rc7 Rgg8 35. Rxf7 Rgf8 36. Rxf8+ Rxf8 37. Ne2 Nh5 38. Rxg6 Nxf4 39. Nxf4 Rxf4 40. Kg2 Nc4 41. Rxh6+ Kg7 42. Rh3 Na3 43. Rxc3 Nxc2 44. Rxc2 Rxe4 45. Rc6 Ra4 46. Rxd6 Rxa2 47. Ra6 a4 48. Kf3 Rd2 49. Rxa4 Rxd5 50. Kg4 Rd6 51. h4 Kg6 52. f4 Rb6 53. Ra5 Rc6 54. Rg5+ Kf6 55. h5 Kf7 56. Rf5+ Kg7 57. Kg5 Rc1 58. h6+ Kg8 59. Kg6 Rg1+ 60. Rg5 Rh1 61. Rg2 Rh3 62. f5 Rh1 63. f6 Rf1 64. Rg4 Rf2 65. Rg5 Rf1 66. h7+ Kh8 67. f7 Rf2 68. Rf5 Rxf5 69. Kxf5 Kxh7 70. Kf6 1-0